 Dungeon Crawl Stone Soup version 0.24.1-14-gf8d2b509d9 (webtiles) character file.

Game seed: 430203025792424144, levelgen mode: deterministic

10327 Borgilos the Cleaver (level 11, -1/99 HPs)
             Began as a Minotaur Berserker on May 28, 2020.
             Was a High Priest of Trog.
             Slain by a flayed ghost (14 damage)
             ... on level 10 of the Dungeon on June 2, 2020.
             The game lasted 01:06:53 (11698 turns).

Borgilos the Cleaver (Minotaur Berserker)          Turns: 11698, Time: 01:06:54

Health: -1/99      AC:  9    Str: 25    XL:     11   Next: 34%
Magic:  10/10      EV: 13    Int:  4    God:    Trog [*****.]
Gold:   656        SH:  4    Dex: 10    Spells: 10/10 levels left

rFire    . . .     SeeInvis .   E - +3 hand axe (elec)
rCold    . . .     Gourm    .   u - +0 buckler
rNeg     . . .     Faith    .   h - +1 scale mail
rPois    +         Spirit   .   (helmet restricted)
rElec    .         Reflect  .   (no cloak)
rCorr    .         Harm     .   (no gloves)
MR       .....                  (no boots)
Stlth    +.........             (no amulet)
HPRegen  0.26/turn              G - ring of poison resistance
MPRegen  0.12/turn              (no ring)

@: flayed, berserk cooldown, slowed, very slow
A: retaliatory headbutt, horns 2
a: Berserk, Trog's Hand, Brothers in Arms, Renounce Religion


You were on level 10 of the Dungeon.
You worshipped Trog.
Trog was extremely pleased with you.
You were very hungry.

You visited 1 branch of the dungeon, and saw 10 of its levels.

You collected 656 gold pieces.

Inventory:

Hand Weapons
 a - a +1 hand axe
 E - a +3 hand axe of electrocution (weapon)
Missiles
 e - 229 stones (quivered)
 g - 4 silver boomerangs
 i - 30 poisoned darts
 o - 8 boomerangs
Armour
 h - a +1 scale mail (worn)
 u - a +0 buckler (worn)
Jewellery
 G - a ring of poison resistance (left hand)
 O - an uncursed ring of resist corrosion {unknown}
Wands
 w - a wand of digging (4)
 C - a wand of acid (4)
 D - a wand of polymorph (8)
 F - a wand of clouds (12)
 H - a wand of iceblast (5)
 J - a wand of flame (10)
 K - a wand of random effects (18)
 M - a wand of paralysis (22)
Scrolls
 d - a scroll of identify
 f - 3 scrolls of teleportation
 j - a scroll of blinking
 l - 5 scrolls of remove curse
 m - 2 scrolls of enchant weapon
 p - 3 scrolls of magic mapping
 q - a scroll of immolation
 y - a scroll of enchant armour
 A - a scroll of silence {unknown}
 B - a scroll of torment {unknown}
 N - a scroll of random uselessness {unknown}
Potions
 b - 3 potions of brilliance
 k - a potion of mutation {unknown}
 n - a potion of lignification {unknown}
 r - 2 potions of heal wounds
 s - 3 potions of might
 t - 4 potions of degeneration
 v - a potion of berserk rage {unknown}
 x - 6 potions of curing
 z - 2 potions of agility {unknown}
 I - 2 potions of ambrosia
 L - 2 potions of invisibility {unknown}
Comestibles
 c - 12 rations
 P - a chunk of flesh


   Skills:
 + Level 9.8 Fighting
 + Level 13.4 Axes
 + Level 2.0 Throwing
 + Level 10.7 Armour
 + Level 6.5 Dodging
 + Level 2.6 Stealth
 + Level 4.4 Shields
 + Level 0.2 Evocations


You had 10 spell levels left.
You didn't know any spells.
Your spell library contained the following spells:

 Spells                   Type           Power        Failure   Level  Hunger
 Animate Skeleton         Necr           N/A          75%         1    ##.....
 Apportation              Tloc           #.....       75%         1    ##.....
 Confusing Touch          Hex            #.....       75%         1    ##.....
 Corona                   Hex            #......      75%         1    ##.....
 Magic Dart               Conj           #...         75%         1    ##.....
 Sting                    Conj/Pois      #...         75%         1    ##.....
 Summon Small Mammal      Summ           #...         75%         1    ##.....
 Blink                    Tloc           N/A          86%         2    ###....
 Call Imp                 Summ           #.......     86%         2    ###....
 Poisonous Vapours        Pois/Air       #.....       86%         2    ###....
 Slow                     Hex            #.......     86%         2    ###....
 Conjure Flame            Conj/Fire      #.......     98%         3    ####...
 Inner Flame              Hex/Fire       #.......     98%         3    ####...
 Mephitic Cloud           Conj/Pois/Air  #.......     98%         3    ####...
 Portal Projectile        Hex/Tloc       #.....       98%         3    ####...
 Cause Fear               Hex            #.........   100%        4    #####..
 Leda's Liquefaction      Hex/Erth       #.........   100%        4    #####..
 Olgreb's Toxic Radiance  Pois           #.......     100%        4    #####..
 Venom Bolt               Conj/Pois      #.........   100%        5    ######.


Dungeon Overview and Level Annotations

Branches:
Dungeon (10/15)            Temple (0/1) D:5
   Lair: D:8-11         Orc: D:9-12

Altars:
Ashenzari
Elyvilon
Gozag
Hepliaklqana
Kikubaaqudgha
Makhleb
Nemelex Xobeh
Okawaru
Qazlal
Ru
Sif Muna
Uskayaw
The Shining One

Shops:
D:5 [   D:8 [


Innate Abilities, Weirdness & Mutations

You reflexively headbutt those who attack you in melee.
You have a pair of horns on your head.


Message History

The flayed ghost cries, "Feel what I felt!"
The flayed ghost hits you!!
* * * LOW HITPOINT WARNING * * *
The flayed ghost cries, "Feel what I felt!"
The flayed ghost cries, "Suffer as I suffered!"
The flayed ghost hits you but does no damage.
You see here a whip.
The flayed ghost closely misses you. You furiously retaliate!
You headbutt the flayed ghost!
There is an open translucent door here.
You see here a glowing great sword.
There isn't anything to butcher here.
There's a creature in the doorway!
You slash the flayed ghost! Your headbutt misses the flayed ghost.
The flayed ghost is moderately damaged.
You block the flayed ghost's attack.
You completely miss the flayed ghost. You headbutt the flayed ghost!
The flayed ghost is moderately damaged.
The flayed ghost hits you!
You die...

..............
[.h...........
..............
..............
............%#
.............. ####
..##############=[##
### #COo##:|}#
#.##C#@}.# ##
#.###W#### .#
##.###)## .#
#oC.###.# .#
#.#.C##.# .#
#..รท#...#
.###########.######
.........###.#
.............#


You could see a fire giant, an orc knight, an ettin, a flayed ghost and an ogre
mage.

Vanquished Creatures
  An ettin (D:10)
  Erolcha (D:9)
  A two-headed ogre (D:9)
  A two-headed ogre (shapeshifter) (D:10)
  The ghost of lllmatko the Basher, a novice MiBe of Trog (D:6)
  A harpy (D:10)
  Joseph (D:9)
  3 hippogriffs
  9 yaks
  Grum (D:9)
  2 hungry ghosts
  A warg (D:10)
  3 sky beasts
  2 orc warriors
  2 black bears (D:9)
  3 necrophages
  3 phantoms
  4 ogres
  3 wolves (D:9)
  4 centaurs
  A big kobold (D:8)
  2 bullfrogs
  A wyvern zombie (D:6)
  A scorpion (D:3)
  7 killer bees (D:7)
  8 wights
  3 howler monkeys
  5 crimson imps
  A centaur zombie (D:5)
  A bullfrog zombie (D:9)
  5 orc priests
  2 hounds
  A jelly (D:9)
  Crazy Yiuf (D:2)
  2 orc wizards
  5 iguanas
  3 worker ants
  A worker ant zombie (D:5)
  9 adders
  A shadow imp (D:7)
  An adder skeleton (D:9)
  3 worms (D:3)
  2 dart slugs
  4 leopard geckos
  32 orcs
  8 giant cockroaches
  9 goblins
  4 hobgoblins
  8 jackals
  2 quokkas
  2 ball pythons
  3 bats (D:2)
  3 frilled lizards
  10 kobolds
  A leopard gecko skeleton (D:5)
  A leopard gecko zombie (D:5)
  11 rats
  A plant (D:8)
212 creatures vanquished.

Notes
Turn   | Place    | Note
-------+----------+-------------------------------------------
     0 | D:1      | Borgilos the Minotaur Berserker began the quest for the
                  | Orb.
     0 | D:1      | Reached XP level 1. HP: 19/19 MP: 0/0
   562 | D:1      | Reached skill level 4 in Axes
   562 | D:1      | Reached XP level 2. HP: 27/27 MP: 1/1
  1442 | D:2      | Found a runed translucent door.
  1443 | D:2      | Noticed Crazy Yiuf
  1472 | D:2      | Killed Crazy Yiuf
  1472 | D:2      | Reached XP level 3. HP: 33/33 MP: 2/2
  1577 | D:2      | Found a shattered altar of Ashenzari.
  1648 | D:2      | Reached XP level 4. HP: 36/41 MP: 3/3
  1750 | D:2      | Found an ancient bone altar of Kikubaaqudgha.
  1952 | D:2      | Reached skill level 5 in Axes
  2777 | D:3      | Reached ** piety under Trog
  2784 | D:3      | Reached XP level 5. HP: 47/47 MP: 4/4
  3086 | D:3      | Reached skill level 6 in Axes
  4160 | D:4      | Reached XP level 6. HP: 35/53 MP: 5/5
  4720 | D:5      | Entered Level 5 of the Dungeon
  4732 | D:5      | Reached skill level 5 in Fighting
  4736 | D:5      | Reached skill level 7 in Axes
  4736 | D:5      | Reached XP level 7. HP: 61/61 MP: 6/6
  4776 | D:5      | Reached skill level 5 in Armour
  5022 | D:5      | Found Lirilafo's Armour Boutique.
  5024 | D:5      | Reached *** piety under Trog
  5086 | D:5      | Reached skill level 1 in Stealth
  5167 | D:5      | Found a staircase to the Ecumenical Temple.
  5261 | D:5      | Found the +2 ratskin cloak {+Rats rPois rN+ Str-1 Int-1
                  | Dex+1}
  5434 | D:5      | Found a white marble altar of Elyvilon.
  5468 | D:5      | Found a burning altar of Makhleb.
  5474 | D:5      | Found a shimmering blue altar of Sif Muna.
  5474 | D:5      | Found a sparkling altar of Nemelex Xobeh.
  5477 | D:5      | Found a stormy altar of Qazlal.
  5573 | D:6      | Reached skill level 8 in Axes
  5578 | D:6      | Found a runed translucent door.
  5634 | D:6      | Reached XP level 8. HP: 39/69 MP: 7/7
  6078 | D:6      | Noticed a +0 hand axe
  6078 | D:6      | Noticed a +0 hand axe
  6120 | D:6      | Found a hide-covered altar of Uskayaw.
  6252 | D:6      | Noticed lllmatko's ghost (novice MiBe)
  6269 | D:6      | Killed lllmatko's ghost
  6269 | D:6      | Reached skill level 9 in Axes
  6514 | D:7      | Reached skill level 1 in Shields
  6656 | D:7      | Found a glowing golden altar of the Shining One.
  6657 | D:7      | Found an iron altar of Okawaru.
  6657 | D:7      | Found an opulent altar of Gozag.
  6661 | D:7      | Found a hazy altar of Hepliaklqana.
  7020 | D:7      | Reached XP level 9. HP: 78/78 MP: 8/8
  7154 | D:7      | Reached skill level 10 in Axes
  7314 | D:7      | Reached skill level 1 in Throwing
  7337 | D:7      | Reached **** piety under Trog
  7966 | D:8      | Found Ehocercho's Armour Shop.
  8058 | D:8      | Reached skill level 11 in Axes
  8068 | D:8      | HP: 3/121 [yak (11)]
  8564 | D:8      | Reached skill level 5 in Dodging
  8878 | D:8      | Reached XP level 10. HP: 48/88 MP: 9/9
  9166 | D:8      | Found a sacrificial altar of Ru.
  9256 | D:9      | Noticed Grum
  9273 | D:9      | Killed Grum
  9453 | D:9      | Noticed Erolcha
  9458 | D:9      | Killed Erolcha
  9533 | D:9      | Noticed Joseph
  9535 | D:9      | Paralysed by Joseph for 6 turns
  9544 | D:9      | Paralysed by Joseph for 4 turns
  9571 | D:9      | Killed Joseph
  9571 | D:9      | Reached skill level 12 in Axes
 10059 | D:9      | Reached skill level 10 in Armour
 10569 | D:9      | Noticed a two-headed ogre
 10587 | D:9      | Killed a two-headed ogre
 10870 | D:10     | Entered Level 10 of the Dungeon
 11357 | D:10     | Reached XP level 11. HP: 97/97 MP: 10/10
 11362 | D:10     | Reached ***** piety under Trog
 11393 | D:10     | Reached skill level 13 in Axes
 11658 | D:10     | Noticed an ettin
 11658 | D:10     | Noticed an ettin
 11658 | D:10     | Noticed a glowing orange brain
 11659 | D:10     | Noticed a fire giant
 11659 | D:10     | Found a runed translucent door.
 11661 | D:10     | Noticed a flayed ghost
 11661 | D:10     | Noticed a harpy
 11661 | D:10     | Noticed an orc knight
 11661 | D:10     | Identified the ring "Taefrouq" {MR+ Str+2 Dex+3}
 11661 | D:10     | Noticed an ogre mage
 11662 | D:10     | Noticed a two-headed ogre
 11662 | D:10     | a glowing orange brain changed into a two-headed ogre
 11671 | D:10     | Killed a two-headed ogre
 11673 | D:10     | Killed a harpy
 11678 | D:10     | Killed an ettin
 11698 | D:10     | Slain by a flayed ghost

Levels and vault maps discovered:
D:1:      saegor_arrival_simple_a, layout_basic
D:2:      layout_loops_ring, kiku_gazebo_pond_becter, ashenzari_altar_1,
          serial_forest, infiniplex_forest_end_1,
          infiniplex_forest_clump_curved, infiniplex_forest_lined_3,
          infiniplex_forest_lined_corner, infiniplex_forest_clump_tiny,
          chequers_serial_rivers_micro_a, uniq_crazy_yiuf_cottage
D:3:      layout_basic, first_ration, serial_rivers,
          chequers_serial_rivers_marsh, chequers_serial_rivers_small_3,
          chequers_serial_rivers_micro_c, chequers_serial_rivers_marsh
D:4:      layout_rooms
D:5:      layout_rooms, nicolae_overflow_hidden_temple,
          minmay_temple_entry_mist, serial_shops, shop
D:6:      layout_rooms, dancing_weapons_uskayaw, ebering_ghost_reflecting_pool,
          hex_tiny
D:7:      layout_loops_ring, chequers_temple_overflow_statue_of_worship
D:8:      layout_cave_pools, nicolae_ru_path_of_blood, serial_shops, shop,
          blue_anna_alchemist [blue_anna_fruit_fields, blue_anna_fruit_fields]
D:9:      layout_rooms, uniq_grum, uniq_erolcha, uniq_joseph
D:10:     minmay_gate_of_8, layout_basic, david_orc_3

Skill      XL: |  1  2  3  4  5  6  7  8  9 10 11 |
---------------+----------------------------------+-----
Axes           | 4 5 6 7 8 9 11 12 13 | 13.4
Fighting       | 4 5 6 8 9 |  9.8
Armour         | 3 4 6 8 9 10 | 10.7
Dodging        | 3 4 5 6 |  6.5
Stealth        | 1 2 |  2.6
Shields        | 1 2 4 |  4.4
Throwing       | 1 2 |  2.0
Evocations     | |  0.2

Action                   |  1- 3 |  4- 6 |  7- 9 | 10-12 || total
-------------------------+-------+-------+-------+-------++-------
Melee: Hand axe          |    52 |   128 |   292 |   173 ||   645
       Headbutt          |    10 |    24 |    49 |    26 ||   109
       Unarmed           |     1 |       |       |       ||     1
Throw: Stone             |       |     9 |     7 |       ||    16
Invok: Berserk           |       |     3 |     5 |     4 ||    12
Evoke: Wand              |       |       |     1 |       ||     1
  Use: Scroll            |       |     6 |     8 |     3 ||    17
       Potion            |       |       |       |     2 ||     2
  Eat: Chunk             |     2 |     5 |     8 |     2 ||    17
       Ration            |       |     2 |     4 |     3 ||     9
Armor: Animal skin       |     1 |       |       |       ||     1
       Scale mail        |    15 |    44 |    92 |    38 ||   189
Dodge: Dodged            |    31 |    72 |   128 |    70 ||   301
Block: Buckler           |       |     2 |    28 |    26 ||    56
